 Dungeon Crawl Stone Soup version 0.21-a0-125-gb006224 (webtiles) character file.

58 Lianjan the Chiller (level 3, -4/39 HPs)
             Began as a Draconian Ice Elementalist on July 14, 2017.
             Was an Initiate of Cheibriados.
             Slain by a killer bee zombie (6 damage)
             ... on level 3 of the Dungeon.
             The game lasted 00:04:49 (1862 turns).

Lianjan the Chiller (Draconian Ice Elementalist)    Turns: 1862, Time: 00:04:50

Health: -4/39      AC:  5    Str: 16    XL:     3   Next: 75%
Magic:  5/6        EV: 10    Int: 17    God:    Cheibriados [......]
Gold:   59         SH:  8    Dex: 16    Spells: 2/6 levels left

rFire    . . .     SeeInvis .   c - -1 club (curse)
rCold    . . .     Gourm    .   k - +0 shield
rNeg     . . .     Faith    .   (armour unavailable)
rPois    .         Spirit   .   (helmet restricted)
rElec    .         Reflect  .   (no cloak)
rCorr    .         Harm     .   (no gloves)
MR       .....                  (no boots)
Stlth    ..........             (no amulet)
HPRegen  0.13/turn              (no ring)
MPRegen  0.10/turn              p - +4 ring of dexterity

@: berserking, very slow
A: unfitting armour, cold-blooded, AC +5
a: Bend Time, Renounce Religion


You were on level 3 of the Dungeon.
You worshipped Cheibriados.
Cheibriados was noncommittal.
You were hungry.

You visited 1 branch of the dungeon, and saw 3 of its levels.

You collected 59 gold pieces.

Inventory:

Hand Weapons
 c - a cursed -1 club (weapon)
 h - a +0 whip
 l - a +0 hunting sling
Missiles
 m - 85 stones (quivered)
Armour
 k - a +0 shield (worn)
Jewellery
 f - an uncursed ring of ice
 p - a +4 ring of dexterity (right hand)
 s - a +1 ring of protection {unknown}
Potions
 e - a potion of brilliance {unknown}
 g - a potion of heal wounds {unknown}
 i - a potion of berserk rage
 j - a potion of agility {unknown}
 n - a potion of cancellation {unknown}
 o - a potion of degeneration {unknown}
 t - a potion of flight {unknown}
Books
 a - a book of Frost

   Spells                             Type                      Level
   a - Freeze                         Ice                          1
   b - Throw Frost                    Conjuration/Ice              2
   c - Ozocubu's Armour               Charms/Ice                   3
   d - Throw Icicle                   Conjuration/Ice              4
   e - Summon Ice Beast               Ice/Summoning                4
Comestibles
 b - 2 bread rations
 d - 3 meat rations
 q - 4 chunks of flesh


   Skills:
 - Level 1.7 Dodging
 - Level 1.7 Stealth
 + Level 1.1 Shields
 - Level 2.0 Spellcasting
   Level 1.0 Conjurations
 * Level 4.5 Ice Magic


You had 2 spell levels left.
You knew the following spells:

 Your Spells              Type           Power        Failure   Level  Hunger
a - Freeze                Ice            ###.         19%         1    #......
b - Ozocubu's Armour      Chrm/Ice       #.......     80%         3    ###....


Dungeon Overview and Level Annotations

Branches:
Dungeon (3/15)

Altars:
Cheibriados
Ru
Wu Jian
Zin


Innate Abilities, Weirdness & Mutations

Your plain brown scales are hard. (AC +5)
You cannot fit into any form of body armour.
You are cold-blooded and may be slowed by cold attacks.


Message History

You block the killer bee zombie's attack.
The killer bee zombie hits you.
* * * LOW HITPOINT WARNING * * *
The killer bee zombie barely misses you.
The killer bee zombie barely misses you.
The killer bee zombie hits you.
* * * LOW HITPOINT WARNING * * *
The killer bee zombie hits you.
* * * LOW HITPOINT WARNING * * *
It was a potion of berserk rage.
A red film seems to cover your vision as you go berserk!
Cheibriados protects you from inadvertent hurry.
You feel mighty!
The killer bee zombie closely misses you.
The killer bee zombie hits you.
* * * LOW HITPOINT WARNING * * *
Your shield prevents you from hitting the killer bee zombie.
The killer bee zombie is moderately damaged.
The killer bee zombie misses you. The killer bee zombie hits you.
You die...

... ..# ##.#####.#
.....≈.≈.###
.≈.%≈.≈≈...########
≈≈≈≈≈≈≈.≈#.........
≈≈≈≈≈≈≈.≈#.........
≈≈≈≈≈≈≈$...........
≈≈..≈≈≈≈.Z.........
≈._.≈≈≈≈.#@[.......
≈≈..♣≈≈≈≈...########
≈≈≈≈≈≈≈≈...........
≈≈≈≈≈≈≈≈≈...#.#####
≈≈≈≈≈≈≈≈......#
......≈..≈..###
.(...≈≈..≈..#
#........#
#..#<..#.#


You could see a killer bee zombie.

Vanquished Creatures
  An adder (D:2)
  2 dart slugs (D:2)
  An orc (D:3)
  5 giant cockroaches
  5 goblins
  7 hobgoblins
  6 bats
  3 frilled lizards (D:2)
  5 kobolds
  5 rats
40 creatures vanquished.

Notes
Turn   | Place    | Note
-------+----------+-------------------------------------------
     0 | D:1      | Lianjan the Draconian Ice Elementalist began the quest for the Orb.
     0 | D:1      | Reached XP level 1. HP: 14/14 MP: 3/3
   204 | D:1      | Reached XP level 2. HP: 20/20 MP: 3/5
   753 | D:2      | Found a snail-covered altar of Cheibriados.
   788 | D:2      | Reached skill level 4 in Ice Magic
   788 | D:2      | Reached XP level 3. HP: 23/26 MP: 1/6
   898 | D:2      | Became a worshipper of Cheibriados the Contemplative
  1262 | D:2      | Reached skill level 1 in Shields
  1297 | D:2      | Found an ornate altar of the Wu Jian Council.
  1297 | D:2      | Found a sacrificial altar of Ru.
  1312 | D:2      | Learned a level 3 spell: Ozocubu's Armour
  1511 | D:2      | Found a glowing silver altar of Zin.
  1511 | D:2      | Noticed an angel
  1826 | D:3      | Found a faded altar of an unknown god.
  1862 | D:3      | Slain by a killer bee zombie

Vault maps used:
D:1:      saegor_arrival_simple_b, corexii_leaking_fountain,
          minmay_misc_feat_plants
D:2:      gammafunk_temple_overflow_elements, zin_angel, chequers_big_river,
          cheibriados_altar_1
D:3:      chequers_ecumenical_altar_island, first_bread, interstate_on_off,
          st_stairs_6, minmay_quantized

Skill      XL: |  1  2  3 |
---------------+----------+-----
Ice Magic      | 4 |  4.5
Shields        | 1 |  1.1
Dodging        | |  1.7
Stealth        | |  1.7
Spellcasting   | |  2.0
Conjurations   | |  1.0

Action                   || total
-------------------------++-------
Melee: Club              ||    27
       Tailslap          ||     1
Throw: Stone             ||     2
 Cast: Freeze            ||    57
  Use: Scroll            ||     7
       Potion            ||     1
  Eat: Chunk             ||     4
Armor: Skin              ||    19
Dodge: Dodged            ||    42
Block: Shield            ||    29
